 Dungeon Crawl Stone Soup version 0.21-a0-225-g207ae17 (webtiles) character file.

21891 DeloreanTremens the Basher (level 12, -18/112 HPs)
             Began as a Hill Orc Fighter on Aug 28, 2017.
             Was a High Priest of Okawaru.
             Killed from afar by a blizzard demon (37 damage)
             ... with a bolt of cold
             ... on level 2 of the Abyss on Aug 30, 2017.
             The game lasted 01:14:32 (18010 turns).

DeloreanTremens the Basher (Hill Orc Fighter)      Turns: 18010, Time: 01:14:32

Health: -18/112    AC: 23    Str: 24    XL:     12   Next: 94%
Magic:  14/14      EV:  6    Int:  4    God:    Okawaru [*****.]
Gold:   649        SH: 12    Dex: 10    Spells: 11/11 levels left

rFire    . . .     SeeInvis .   b - +3 whip (freeze)
rCold    . . .     Gourm    .   c - +0 shield
rNeg     . . .     Faith    .   G - +0 plate armour
rPois    .         Spirit   .   p - +1 helmet
rElec    .         Reflect  .   H - +2 cloak
rCorr    .         Harm     .   (no gloves)
MR       .....                  o - +0 pair of boots
Stlth    ..........             J - amulet of regeneration
HPRegen  0.00/turn              (no ring)
MPRegen  0.14/turn              (no ring)

@: non-regenerating, mildly diseased, drained
A: [blurry vision 2], [dopey 2], [inhibited regeneration]
a: Heroism, Finesse, Renounce Religion


You were on level 2 of the Abyss.
You worshipped Okawaru.
Okawaru was extremely pleased with you.
You were not hungry.

You visited 3 branches of the dungeon, and saw 14 of its levels.
You visited the Abyss 1 time.
You also visited: Sewer.

You collected 777 gold pieces.
You spent 128 gold pieces at shops.

Inventory:

Hand Weapons
 a - a +0 hunting sling
 b - a +3 whip of freezing (weapon)
 E - the +7 great mace "Undeadhunter" {disrupt, rN+}
   (You found it on level 6 of the Dungeon)

   It protects you from negative energy.
 L - a +1 eveningstar of protection
Missiles
 v - 34 sling bullets
 C - 209 stones
 D - 8 tomahawks (quivered)
Armour
 c - a +0 shield (worn)
 o - a +0 pair of boots (worn)
 p - a +1 helmet (worn)
 G - a +0 plate armour (worn)
 H - a +2 cloak (worn)
Jewellery
 x - an uncursed amulet of the gourmand
 J - an amulet of regeneration (around neck)
Wands
 y - a wand of polymorph (11/24)
 A - a wand of acid (1/15)
 I - a wand of paralysis (2/24)
 K - a wand of enslavement (8/24)
 M - a wand of acid (4/15)
 Q - a wand of confusion (12/48)
 R - a wand of digging (12/24)
 S - a wand of acid (8/15)
 U - a wand of iceblast (1/15)
 W - a wand of iceblast (5/15)
Scrolls
 e - 4 scrolls of identify
 h - 9 scrolls of remove curse
 i - 2 scrolls of recharging
 j - 2 scrolls of enchant weapon
 k - 3 scrolls of teleportation
 l - a scroll of fear
 z - a scroll of random uselessness {unknown}
 B - 5 scrolls of amnesia
 T - a scroll of magic mapping
 X - a scroll of blinking {unknown}
Potions
 d - a potion of might
 m - 6 potions of flight
 n - a potion of brilliance
 q - a potion of cancellation {unknown}
 r - 2 potions of magic
 t - a potion of agility
 u - a potion of heal wounds
 w - a potion of mutation {unknown}
 F - a potion of lignification
 N - 4 potions of curing
 O - a potion of haste {unknown}
Books
 P - a book of Minor Magic

   Spells                             Type                      Level
   a - Magic Dart                     Conjuration                  1
   b - Blink                          Translocation                2
   c - Call Imp                       Summoning                    2
   d - Slow                           Hexes                        2
   e - Conjure Flame                  Conjuration/Fire             3
   f - Mephitic Cloud                 Conjuration/Poison/Air       3
 V - a book of Beasts

   Spells                             Type                      Level
   a - Summon Butterflies             Summoning                    1
   b - Call Canine Familiar           Summoning                    3
   c - Summon Ice Beast               Ice/Summoning                4
   d - Summon Mana Viper              Hexes/Summoning              5
   e - Summon Hydra                   Summoning                    7
Comestibles
 f - 2 bread rations
 g - 9 royal jellies
 s - 6 meat rations


   Skills:
 + Level 11.9(11.7) Fighting
 - Level 13.0(12.9) Maces & Flails
 + Level 12.4(12.2) Armour
 + Level 10.5(10.4) Shields
 + Level 3.4(3.3) Invocations


You had 11 spell levels left.
You didn't know any spells.

Dungeon Overview and Level Annotations

Branches:
Dungeon (12/15)            Temple (1/1) D:4            Lair (1/6) D:9
    Orc (0/2) D:10

Altars:
Ashenzari
Cheibriados
Dithmenos
Elyvilon
Fedhas
Gozag
Hepliaklqana
Kikubaaqudgha
Makhleb
Nemelex Xobeh
Okawaru
Qazlal
Ru
Sif Muna
Trog
Uskayaw
Vehumet
Wu Jian
Xom
Yredelemnul
Zin
The Shining One

Shops:
D:5 =   D:7 ?   D:9 (

Annotations:
Lair:1 marriedatthemol's ghost, journeyman SpVM


Innate Abilities, Weirdness & Mutations

[Scrolls take you longer to read.]
[You are very dopey. (Int -4)]
[You do not regenerate when monsters are visible.]


Message History

[Y]es or [N]o only, please.
Really read with blurry vision while enemies are nearby?
Okay, then.
A spatial vortex comes into view.
A spatial vortex comes into view.
The blizzard demon gestures at you. The bolt of lightning hits you!
The blizzard demon gestures at you. The freezing blast engulfs you!
You are engulfed in freezing vapours.
The blizzard demon gestures at you. The freezing blast engulfs you!
* * * LOW HITPOINT WARNING * * *
Okay, then.
You feel much better.
You are engulfed in freezing vapours.
* * * LOW HITPOINT WARNING * * *
The blizzard demon is engulfed in freezing vapours.
The blizzard demon gestures at you. The bolt of cold hits you!
You die...

## ................#
# ## #
...##...........#.#.
.# . .
#...........#.. .
#.. ##...........'..
. . . ....##......#
....
...##...###2##.##
......
##+####§§§§§.# . .
... .....§§§§§..# #
##+## ....§§§@§§§.#
. ..#...#####§##
........ ##.. .. ...
# .#. .##. ## .....
#.. ..##. .v.... #.
.. ... ...... .. ..
.... ...... ## # # #
#


You could see a blizzard demon.

Vanquished Creatures
  A tentacled starspawn (Abyss:2)
  A hydra (Lair:1)
  Erica (D:9)
  5 two-headed ogres
  Pikel (D:8)
  A salamander (shapeshifter) (Abyss:2)
  An ugly thing (D:11)
  Maurice (D:8)
  Psyche (D:9)
  A yaktaur (shapeshifter) (D:10)
  An ancient zyme (Abyss:2)
  A queen bee (D:9)
  The ghost of pokedragonboy the Destroyer, a novice DECj of Vehumet (Sewer)
  3 trolls
  A hornet (D:10)
  6 slime creatures (D:11)
  7 hippogriffs
  3 wyverns
  A basilisk (D:9)
  5 yaks (D:9)
  Sigmund (D:5)
  A vampire (D:12)
  Grum (D:8)
  A hungry ghost (D:11)
  A chaos spawn (Abyss:2)
  A small abomination (Abyss:2)
  Duvessa (D:5)
  3 water moccasins
  4 porcupines (D:9)
  5 orc warriors
  4 phantoms
  3 ice beasts
  A swamp drake (D:10)
  An eye of draining (D:11)
  2 necrophages (D:10)
  A sky beast (D:9)
  5 ogres
  3 wolves (D:8)
  5 centaurs
  4 crocodiles
  4 bullfrogs
  A big kobold (D:11)
  A wyvern zombie (D:11)
  A gnoll sergeant (D:8)
  Dowan (D:5)
  2 scorpions
  A water moccasin skeleton (D:6)
  31 killer bees
  8 wights
  4 howler monkeys
  A crimson imp (D:6)
  4 quasits
  5 hounds
  A bullfrog skeleton (D:9)
  7 orc priests
  3 centaur skeletons
  5 iguanas
  Terence (D:2)
  Natasha (thrice) (D:2)
  A merfolk siren (Sewer)
  8 orc wizards
  8 worker ants
  A merfolk avatar (Sewer)
  A hound zombie (D:5)
  2 hound skeletons
  3 worker ant zombies
  7 gnolls
  10 adders
  2 river rats (Sewer)
  3 shadow imps
  A white imp (Abyss:2)
  6 worms
  An adder skeleton (D:4)
  A dart slug (D:2)
  12 leopard geckos
  35 orcs
  7 giant cockroaches
  9 goblins
  7 hobgoblins
  5 jackals
  12 kobolds
  6 quokkas
  11 ball pythons
  2 bats (D:2)
  18 frilled lizards
  A giant cockroach zombie (D:6)
  A jackal skeleton (D:4)
  27 rats
383 creatures vanquished.

Vanquished Creatures (others)
  A slave (D:8)
  A quokka (D:8)
  A fungus (Lair:1)
  A plant (D:9)
  5 starspawn tentacles (Abyss:2)
9 creatures vanquished.

Grand Total: 392 creatures vanquished

Notes
Turn   | Place    | Note
-------+----------+-------------------------------------------
     0 | D:1      | DeloreanTremens the Hill Orc Fighter began the quest for the Orb.
     0 | D:1      | Reached XP level 1. HP: 19/19 MP: 1/1
    76 | D:1      | Reached XP level 2. HP: 22/26 MP: 2/2
   509 | D:1      | Reached XP level 3. HP: 31/31 MP: 3/3
   697 | D:1      | Reached skill level 3 in Maces & Flails
  1145 | D:2      | Noticed Natasha
  1156 | D:2      | Killed Natasha
  1156 | D:2      | Reached XP level 4. HP: 14/39 MP: 4/4
  1379 | D:2      | Noticed Terence
  1396 | D:2      | Killed Terence
  1517 | D:2      | Noticed Natasha
  1529 | D:2      | Killed Natasha
  1529 | D:2      | Reached skill level 4 in Maces & Flails
  1529 | D:2      | Reached XP level 5. HP: 41/45 MP: 5/5
  1780 | D:2      | HP: 2/45 [gnoll/flail (8)]
  2542 | D:2      | Noticed Natasha
  2555 | D:2      | Killed Natasha
  3680 | D:4      | Reached skill level 5 in Shields
  3680 | D:4      | Reached XP level 6. HP: 51/51 MP: 6/6
  3808 | D:4      | Reached skill level 5 in Maces & Flails
  4034 | D:4      | Found a staircase to the Ecumenical Temple.
  4123 | Temple   | Entered the Ecumenical Temple
  4168 | Temple   | Became a worshipper of Warmaster Okawaru
  4235 | D:4      | Noticed a phantom
  4357 | D:4      | Killed a phantom
  4541 | D:4      | Reached XP level 7. HP: 5/57 MP: 7/7
  4972 | D:4      | Reached skill level 5 in Armour
  5103 | D:4      | Reached skill level 6 in Maces & Flails
  5208 | D:5      | Entered Level 5 of the Dungeon
  5447 | D:5      | Noticed Dowan
  5476 | D:5      | Killed Dowan
  5761 | D:5      | Found a glowing drain.
  5767 | D:5      | Reached * piety under Okawaru
  5818 | Sewer    | Entered a sewer
  5851 | Sewer    | Noticed pokedragonboy's ghost (novice DECj)
  5890 | Sewer    | Killed pokedragonboy's ghost
  5890 | Sewer    | Reached skill level 7 in Maces & Flails
  5890 | Sewer    | Reached XP level 8. HP: 8/64 MP: 8/8
  6714 | D:5      | Noticed Sigmund
  6739 | D:5      | Killed Sigmund
  6818 | D:5      | Noticed Duvessa
  6839 | D:5      | Killed Duvessa
  6839 | D:5      | Reached skill level 8 in Maces & Flails
  6890 | D:5      | Found Weostril's Jewellery Emporium.
  6914 | D:5      | Noticed a two-headed ogre
  7490 | D:6      | Found the +7 great mace "Undeadhunter" {disrupt, rN+}
  8285 | D:6      | Found a shattered altar of Ashenzari.
  8493 | D:6      | Reached XP level 9. HP: 63/71 MP: 6/9
  8945 | D:6      | Reached skill level 9 in Maces & Flails
  9408 | D:6      | Found a hazy altar of Hepliaklqana.
  9410 | D:6      | Found an opulent altar of Gozag.
  9418 | D:6      | Found a radiant altar of Vehumet.
  9558 | D:7      | Reached skill level 5 in Fighting
  9570 | D:7      | Reached ** piety under Okawaru
  9584 | D:7      | Reached skill level 10 in Maces & Flails
  9703 | D:7      | Upgraded the game from 0.21-a0-223-g812f45e to 0.21-a0-225-g207ae17
 10155 | D:7      | Found Owoelin's Magic Scroll Shop.
 10716 | D:8      | Noticed Grum
 10732 | D:8      | Reached XP level 10. HP: 77/83 MP: 7/10
 10748 | D:8      | Killed Grum
 10860 | D:8      | Reached skill level 11 in Maces & Flails
 10925 | D:8      | Noticed Maurice
 10946 | D:8      | Killed Maurice
 11083 | D:8      | Reached *** piety under Okawaru
 11098 | D:8      | Noticed Pikel
 11128 | D:8      | Killed Pikel
 11870 | D:9      | Reached skill level 12 in Maces & Flails
 12006 | D:9      | Noticed a two-headed ogre
 12026 | D:9      | Killed a two-headed ogre
 12026 | D:9      | Reached **** piety under Okawaru
 12114 | D:9      | Noticed Erica
 12127 | D:9      | Reached XP level 11. HP: 94/94 MP: 11/11
 12171 | D:9      | Killed Erica
 12355 | D:9      | Reached ***** piety under Okawaru
 12359 | D:9      | Reached skill level 13 in Maces & Flails
 12386 | D:9      | Reached skill level 10 in Armour
 12561 | D:9      | Received a gift from Okawaru
 12959 | D:9      | Found a staircase to the Lair.
 12969 | D:9      | Found Orchiteh's Antique Weapon Boutique.
 13016 | D:9      | Noticed a two-headed ogre
 13021 | D:9      | Noticed Psyche
 13031 | D:9      | Killed a two-headed ogre
 13231 | D:9      | Noticed a two-headed ogre
 13246 | D:9      | Killed a two-headed ogre
 13434 | D:9      | Reached skill level 10 in Fighting
 14051 | D:9      | Killed Psyche
 14247 | D:7      | Bought a scroll of identify for 32 gold pieces
 14247 | D:7      | Bought a scroll of identify for 32 gold pieces
 14247 | D:7      | Bought a scroll of identify for 32 gold pieces
 14247 | D:7      | Bought a scroll of identify for 32 gold pieces
 14349 | D:10     | Entered Level 10 of the Dungeon
 14367 | D:10     | Noticed a two-headed ogre
 14378 | D:10     | Killed a two-headed ogre
 14378 | D:10     | Reached XP level 12. HP: 107/107 MP: 9/12
 14696 | D:10     | Noticed a two-headed ogre
 14708 | D:10     | Killed a two-headed ogre
 14960 | D:10     | Found a staircase to the Orcish Mines.
 16285 | D:11     | Found an opulent altar of Gozag.
 16594 | D:12     | Reached skill level 10 in Shields
 16703 | Lair:1   | Entered Level 1 of the Lair of Beasts
 16703 | Lair:1   | Noticed marriedatthemol's ghost (journeyman SpVM)
 16841 | Lair:1   | Noticed a four-headed hydra
 17123 | Lair:1   | Noticed a six-headed hydra
 17142 | Lair:1   | Killed a six-headed hydra
 17142 | Lair:1   | Reached skill level 1 in Invocations
 17346 | Lair:1   | Cast into level 2 of the Abyss (marriedatthemol's ghost)
 17440 | Abyss:2  | Noticed an eidolon
 17585 | Abyss:2  | Noticed a tentacled starspawn
 17633 | Abyss:2  | Killed a tentacled starspawn
 17633 | Abyss:2  | Received a gift from Okawaru
 17648 | Abyss:2  | Noticed a starcursed mass
 17669 | Abyss:2  | Noticed a wretched star
 17688 | Abyss:2  | Noticed a starcursed mass
 17776 | Abyss:2  | Noticed a cacodemon
 17965 | Abyss:2  | Noticed a wretched star
 17999 | Abyss:2  | Noticed a blizzard demon
 18010 | Abyss:2  | Killed from afar by a blizzard demon

Vault maps used:
D:1:      saegor_arrival_miasma
D:2:      uniq_natasha, uniq_terence
D:4:      minmay_temple_entry_statues
D:5:      serial_shops, nicolae_shop_statue_plus, first_bread,
          gup_sewer_entry_pipe, uniq_sigmund, uniq_duvessa
D:6:      grunt_temple_overflow_diamond, nicolae_ashenzari_panopticon,
          feat_on_display
D:7:      serial_shops, shop
D:8:      uniq_pikel, uniq_grum, uniq_maurice
D:9:      minmay_lair_entry_grove, serial_shops, shop, david_nohive_1,
          kennysheep_generic_room_12, uniq_erica, uniq_psyche
D:10:     erik_orc_1, nrook_mini_vaults
D:11:     basic_altar
D:12:     serial_shops, shop, minivault_22
Temple:   nicolae_temple_no_exploring_needed
Lair:1:   st_stairs_13
Sewer:    sewer_sea

Skill      XL: |  1  2  3  4  5  6  7  8  9 10 11 12 |
---------------+-------------------------------------+-----
Maces & Flails | 3 4 5 7 8 10 12 13 | 13.0
Shields        | 4 5 6 7 8 10 | 10.5
Armour         | 4 5 6 8 9 11 12 | 12.4
Fighting       | 4 6 8 10 11 | 11.9
Invocations    | 3 |  3.4

Action                   |  1- 3 |  4- 6 |  7- 9 | 10-12 || total
-------------------------+-------+-------+-------+-------++-------
Melee: Flail             |   120 |   203 |       |       ||   323
       Whip              |       |    49 |   603 |  1293 ||  1945
 Fire: Hunting sling     |       |       |       |     8 ||     8
Throw: Tomahawk          |       |       |     3 |     1 ||     4
Invok: Heroism           |       |       |     8 |    19 ||    27
       Finesse           |       |       |       |     1 ||     1
Evoke: Wand              |       |       |       |    17 ||    17
  Use: Scroll            |       |     4 |     6 |    16 ||    26
       Potion            |       |       |     1 |    10 ||    11
 Stab: Paralysed         |       |       |       |     6 ||     6
  Eat: Chunk             |     1 |    10 |    20 |    15 ||    46
       Bread ration      |       |       |     1 |     1 ||     2
       Royal jelly       |       |       |       |     3 ||     3
Armor: Scale mail        |    37 |    80 |    99 |       ||   216
       Plate armour      |       |       |    88 |   419 ||   507
Dodge: Dodged            |    31 |    63 |   108 |   173 ||   375
Block: Shield            |    48 |    84 |   237 |   414 ||   783

Table legend:
 A = Spawn XP
 B = Non-spawn XP
 C = Spawn XP percentage of total XP
 D = Spawn monster count
 E = Non-spawn monster count
 F = Spawn count percentage of total count
 G = Total turns spent on level
                    A         B        C        D         E        F      G
               +---------+---------+-------+---------+---------+-------+---------
         Total |    7710 |   23564 |  24.7 |      54 |     329 |  14.1 | 18010
               +---------+---------+-------+---------+---------+-------+---------
           D:1 |       6 |      29 |  17.1 |       3 |      17 |  15.0 |   964
           D:2 |      12 |     227 |   5.0 |       6 |      28 |  17.6 |  2246
           D:3 |      13 |      30 |  30.2 |       1 |      16 |   5.9 |   462
           D:4 |      23 |     438 |   5.0 |       4 |      23 |  14.8 |  1711
           D:5 |     124 |     596 |  17.2 |       2 |      21 |   8.7 |  1688
           D:6 |     365 |     934 |  28.1 |       7 |      16 |  30.4 |  1689
           D:7 |       0 |     751 |   0.0 |       0 |      15 |   0.0 |  1027
           D:8 |      67 |    3135 |   2.1 |       1 |      31 |   3.1 |  1219
           D:9 |    2551 |    7986 |  24.2 |      15 |      59 |  20.3 |  2634
          D:10 |     299 |    4176 |   6.7 |       4 |      39 |   9.3 |  1228
          D:11 |     790 |    2681 |  22.8 |       5 |      18 |  21.7 |   938
          D:12 |       0 |     720 |   0.0 |       0 |       3 |   0.0 |   112
        Lair:1 |       0 |    1407 |   0.0 |       0 |       4 |   0.0 |   547
       Abyss:2 |    3460 |       0 | 100.0 |       6 |       0 | 100.0 |   664
         Sewer |       0 |     454 |   0.0 |       0 |      39 |   0.0 |   818
               +---------+---------+-------+---------+---------+-------+---------
